AoeStats
← charles.lmiranda

Arena

507640405Analyzed
3v3 RM · 14d ago on Sep 19, 2026· 44m 49s· 6 players
Game mode
Random Map
Map size
Normal (6 player)
Population
200
Speed
Normal
Resources
Standard
Victory
Conquest
Starting age
Dark Age
Ending age
Imperial Age
RankedLock teamsTeams togetherTeam positionsShared explorationLock speedFull tech treeHidden civsTurbo modeCheats
Victory
Defeat
🇦🇷 Burgundians · Argentina
789
+12
🇦🇷 Bohemians · Argentina
786
+12
🇦🇷 Franks · Argentina
785
+13
🇨🇦 Persians · Canada
808
-16
🇧🇷 Burgundians · Brazil
792
-15
🇨🇦 Franks · Canada
508
-9
thiagopri
9:54 Feudal Age
11:58 Horse Collar
12:14 Double-Bit Axe
12:14 Horse Collar
19:30 Castle Age
18:40 Scale Barding Armor
18:49 Forging
20:42 Husbandry
20:04 Cavalier
20:56 Gold Mining
21:00 Stone Mining
21:42 Bow Saw
22:23 Heavy Plow
27:55 Chain Barding Armor
40:12 Iron Casting
Rique
10:52 Feudal Age
11:45 Double-Bit Axe
17:36 Castle Age
23:33 Bow Saw
23:38 Fletching
23:49 Padded Archer Armor
23:40 Loom
26:15 Bodkin Arrow
26:36 Leather Archer Armor
26:44 Horse Collar
27:02 Crossbowman
29:00 Wheelbarrow
30:34 Kamandaran
30:47 Thumb Ring
35:25 Imperial Age
32:42 Town Watch
36:35 Ring Archer Armor
35:59 Elite War Elephant
charles.lmiranda
11:41 Feudal Age
18:35 Wheelbarrow
17:53 Double-Bit Axe
18:04 Gold Mining
25:43 Castle Age
26:25 Man-at-Arms
28:29 Long Swordsman
29:34 Scale Barding Armor
29:42 Forging
29:33 Light Cavalry
30:17 Husbandry
30:27 Pikeman
ZURDO_84
0:40 Loom
10:33 Feudal Age
16:00 Double-Bit Axe
19:17 Castle Age
21:28 Gold Mining
22:55 Pikeman
27:54 Bow Saw
28:25 Gold Shaft Mining
27:41 Stone Mining
27:49 Fletching
28:09 Forging
28:00 Scale Mail Armor
29:11 #83
33:54 Fortified Wall
34:05 Ballistics
33:42 Murder Holes
35:55 Iron Casting
35:16 Bodkin Arrow
35:37 Chain Mail Armor
41:52 Imperial Age
41:07 Elite Skirmisher
41:51 Squires
41:37 Arson
43:50 Blast Furnace
43:21 Plate Mail Armor
43:16 Conscription
44:13 Wheelbarrow
lenzinagabrielgaston
12:56 Feudal Age
13:44 Double-Bit Axe
15:16 Horse Collar
20:48 Castle Age
22:14 Heavy Plow
22:29 Bow Saw
23:24 Chemistry
22:46 Ballistics
42:19 Wheelbarrow
dammacri
0:55 Loom
11:24 Feudal Age
18:46 Castle Age
17:18 Horse Collar
17:25 Double-Bit Axe
18:24 Bow Saw
19:30 Heavy Plow
20:13 Wheelbarrow
21:19 Crop Rotation
22:38 Two-Man Saw
24:49 Scale Barding Armor
25:52 Forging
25:52 Husbandry
26:46 Scale Mail Armor
28:17 Hand Cart
27:48 Town Watch
33:59 Light Cavalry
38:48 Chain Barding Armor
38:44 Chain Mail Armor
39:04 Iron Casting
38:23 Cavalier
39:18 Pikeman
Connection lost

Rejoining the realm…

Still unreachable

The connection could not be restored.

Session expired

The server has moved on; the page needs a fresh start.